 Dungeon Crawl Stone Soup version 0.20.1-1-g8b1a95d (webtiles) character file.

104 raph the Chiller (level 4, 0/30 HPs)
             Began as a Merfolk Ice Elementalist on Aug 30, 2017.
             Slain by a worm (7 damage)
             ... on level 2 of the Dungeon.
             The game lasted 00:06:49 (2070 turns).

raph the Chiller (Merfolk Ice Elementalist)         Turns: 2070, Time: 00:06:50

Health: 0/30       AC:  8    Str:  9    XL:     4   Next: 80%
Magic:  13/16      EV: 13    Int: 14    God:
Gold:   95         SH:  0    Dex: 14    Spells: 1/7 levels left

rFire    . . .     SeeInvis .   j - +0 spear
rCold    . . .     Gourm    .   (no shield)
rNeg     . . .     Faith    .   t - +0 leather armour
rPois    .         Spirit   .   (no helmet)
rElec    .         Reflect  .   (no cloak)
rCorr    .         Harm     .   (no gloves)
MR       .....                  (no boots)
Stlth    ++........             (no amulet)
Regen    0.1/turn               s - ring of magical power
MPRegen  0.2/turn               (no ring)

@: icy armour, very slightly contaminated, slow
A: change form in water, swift swim, stealthy swim
a: no special abilities


You were on level 2 of the Dungeon.
You were not hungry.

You visited 1 branch of the dungeon, and saw 2 of its levels.

You collected 95 gold pieces.

Inventory:

Hand Weapons
 i - a +0 dagger
 j - a +0 spear (weapon)
Armour
 a - a +0 robe
 t - a +0 leather armour (worn)
Jewellery
 s - a ring of magical power (left hand)
Scrolls
 k - a scroll of noise {unknown}
 l - a scroll of blinking
 n - a scroll of recharging {unknown}
 p - a scroll of enchant armour {unknown}
 q - 2 scrolls of remove curse
 r - a scroll of identify {unknown}
 u - a scroll of fear {unknown}
Potions
 e - a potion of flight {unknown}
 h - 2 potions of berserk rage {unknown}
 m - a potion of resistance {unknown}
 o - a potion of degeneration {unknown}
Books
 b - a book of Frost

   Spells                             Type                      Level
   a - Freeze                         Ice                          1
   b - Throw Frost                    Conjuration/Ice              2
   c - Ozocubu's Armour               Charms/Ice                   3
   d - Throw Icicle                   Conjuration/Ice              4
   e - Summon Ice Beast               Ice/Summoning                4
 f - a book of Minor Magic

   Spells                             Type                      Level
   a - Magic Dart                     Conjuration                  1
   b - Blink                          Translocation                2
   c - Call Imp                       Summoning                    2
   d - Slow                           Hexes                        2
   e - Conjure Flame                  Conjuration/Fire             3
   f - Mephitic Cloud                 Conjuration/Poison/Air       3
Comestibles
 c - 3 bread rations
 d - a royal jelly
 g - a meat ration


   Skills:
 + Level 1.3 Polearms
 + Level 0.2 Armour
 + Level 3.2 Dodging
 + Level 2.8 Stealth
 + Level 2.2 Spellcasting
 - Level 0.7 Conjurations
 + Level 0.7 Charms
 * Level 4.8 Ice Magic


You had one spell level left.
You knew the following spells:

 Your Spells              Type           Power        Failure   Level  Hunger
a - Freeze                Ice            ###.         4%          1    #......
b - Throw Frost           Conj/Ice       #.....       16%         2    ###....
c - Ozocubu's Armour      Chrm/Ice       #.......     30%         3    ###....


Dungeon Overview and Level Annotations

Branches:
Dungeon (2/15)

Altars:
Xom


Message History

Confirm with . or Enter, or press ? or * to list all spells.
You can't see any susceptible monsters within range! (Use Z to cast anyway.) Unknown command.
Attack whom?
Press: ? - help, Dir - move target cursor, f/p - worm
Aim: a worm (heavily wounded)
You reach to attack!
You hit the worm.
The worm is severely wounded.
You hit the worm but do no damage.
The worm is severely wounded.
The worm bites you but does no damage.
Attack whom?
Press: ? - help, Dir - move target cursor, f/p - worm
Aim: a worm (severely wounded)
You reach to attack!
You hit the worm.
The worm is severely wounded.
You hit the worm.
The worm is severely wounded.
The worm bites you!
You die...

#.# #.#.# ##... #.#
####.#.####... .. #.#
#....)........ .. #.#
#.####.####### #. #.# #.#
#...## #. #.# #.#
##.#..#### #. #.# #.#
#.#.#.#.#.
###.######.###.####.#.#.#.#
#.......lw@........#.#.#.#.
#._..#########.####.#.#.#.#
#....# #.# #.#.#.#.#.
#.#..# #.# ##.#.#.#.# #
...# #># #.#.#.#.#. ...l#
#.# ##.#.#.#.# ###..# #.#
#.#.#.#.#. ...# #.#
##.#.#.#.# #..# #.#
#.#.#.#.#.


You could see a worm and a frilled lizard.

Vanquished Creatures
  Natasha (D:2)
  2 adders (D:2)
  2 worms (D:2)
  4 dart slugs
  2 leopard geckos
  A ball python (D:1)
  4 bats
  2 giant cockroaches (D:1)
  6 goblins
  2 hobgoblins
  2 jackals (D:1)
  4 frilled lizards
  6 kobolds (D:1)
  8 rats
46 creatures vanquished.

Notes
Turn   | Place    | Note
-------+----------+-------------------------------------------
     0 | D:1      | raph the Merfolk Ice Elementalist began the quest for the Orb.
     0 | D:1      | Reached XP level 1. HP: 13/13 MP: 3/3
     3 | D:1      | Noticed an electric eel
    12 | D:1      | Noticed an electric eel
   180 | D:1      | Reached XP level 2. HP: 19/19 MP: 3/5
   219 | D:1      | Reached skill level 4 in Ice Magic
   576 | D:1      | Learned a level 2 spell: Throw Frost
   723 | D:1      | Reached XP level 3. HP: 21/24 MP: 0/6
   994 | D:1      | Learned a level 3 spell: Ozocubu's Armour
  1056 | D:1      | Reached skill level 1 in Polearms
  1364 | D:2      | Reached XP level 4. HP: 25/30 MP: 7/7
  1721 | D:2      | Noticed Natasha
  1728 | D:2      | Killed Natasha
  2043 | D:2      | Found a shimmering altar of Xom.
  2070 | D:2      | Slain by a worm

Skill      XL: |  1  2  3 |
---------------+----------+-----
Ice Magic      | 4 |  4.8
Polearms       | 1 |  1.3
Dodging        | 3 |  3.2
Armour         | |  0.2
Stealth        | |  2.8
Spellcasting   | |  2.2
Conjurations   | |  0.7
Charms         | |  0.7

Action                   |  1- 3 |  4- 6 || total
-------------------------+-------+-------++-------
Melee: Unarmed           |     3 |       ||     3
       Spear             |    98 |    28 ||   126
 Cast: Freeze            |    34 |    20 ||    54
       Throw Frost       |     1 |       ||     1
       Ozocubu's Armour  |     1 |     2 ||     3
  Use: Scroll            |     5 |       ||     5
 Stab: Sleeping          |     2 |       ||     2
  Eat: Chunk             |     2 |     3 ||     5
Armor: Robe              |    33 |       ||    33
       Leather armour    |     1 |     4 ||     5
Dodge: Dodged            |    82 |    10 ||    92
